 Dungeon Crawl Stone Soup version 0.28-a0-779-g3d1f99b579 (webtiles) character file.

Game seed: 10825446013350153607

11 cheechan the Skirmisher (level 2, -1/24 (28) HPs)
             Began as a Naga Fighter on Nov 2, 2021.
             Slain by a kobold (3 damage)
             ... on level 1 of the Dungeon.
             The game lasted 00:01:00 (254 turns).

cheechan the Skirmisher (Naga Fighter)               Turns: 254, Time: 00:01:01

HP:   -1/24 (28)    AC:  4    Str: 18    XL:     2   Next: 25%
MP:   2/2           EV:  7    Int:  8    God:
Gold: 4             SH:  4    Dex: 10    Spells: 1/1 levels left

rFire   . . .      SeeInvis +   a - +0 long sword
rCold   . . .      Faith    .   c - +0 buckler
rNeg    . . .      Spirit   .   b - +0 scale mail
rPois   +          Reflect  .   (no helmet)
rElec   .          Harm     .   (no cloak)
rCorr   .          Rampage  .   (no gloves)
Will    .....                   (no barding)
Stlth   ..........              (no amulet)
HPRegen 0.08/turn               (no ring)
MPRegen 0.08/turn               (no ring)

@: heavily drained, very slow
A: AC +0, large, see invisible, deformed body, poison resistance, slowness 2,
spit poison 1, naga tail 1
a: Spit Poison


You were on level 1 of the Dungeon.
You visited 1 branch of the dungeon, and saw 1 of its levels.

You collected 4 gold pieces.

Inventory:

Hand Weapons
 a - a +0 long sword (weapon)
Missiles
 e - 23 arrows
Armour
 b - a +0 scale mail (worn)
 c - a +0 buckler (worn)
Magical Staves
 f - a staff of earth
Potions
 d - a potion of might
 g - a potion of lignification {unknown}


   Skills:
 + Level 3.2 Fighting
 + Level 2.1 Long Blades
 + Level 2.6 Armour
 + Level 2.5 Shields


You had one spell level left.
You didn't know any spells.
Your spell library was empty.

Dungeon Overview and Level Annotations

Branches:
Dungeon (1/15)

Altars:


Innate Abilities, Weirdness & Mutations

Your serpentine skin is tough. (AC +0)
You have supernaturally acute eyesight. (SInv)
Armour fits poorly on your strangely shaped body.
Your system is resistant to poisons. (rPois)
You cover ground very slowly.
You can spit poison.
You have a snake-like lower body.


Message History

The ball python hisses angrily.
A ball python comes into view.
The ball python moves out of view.
Found a fizzy pink potion.
The ball python hisses angrily.
The ball python bites you but does no damage.
The ball python bites you but does no damage.
You closely miss the ball python. The ball python bites you.
The ball python bites you but does no damage. x2
You slash the ball python!
You kill the ball python!
You block the ball python's attack. The ball python bites you.
The ball python bites you but does no damage.
The ball python bites you.
The ball python bites you but does no damage.
You slash the ball python!
You kill the ball python!
g - a fizzy pink potion You aren't carrying any scrolls.
Okay, then.
A kobold comes into view. It is wielding a +2 dagger of draining.
The kobold shouts!
Found 4 gold pieces.
You closely miss the kobold. The kobold hits you but does no damage.
You feel drained.
You barely miss the kobold. You block the kobold's attack.
The kobold hits you but does no damage.
You feel drained.
You closely miss the kobold.
The kobold hits you with a +2 dagger of draining.
You feel drained.
You barely miss the kobold.
The kobold hits you with a +2 dagger of draining.
* * * LOW HITPOINT WARNING * * *
You feel drained.
* * * LOW HITPOINT WARNING * * *
You hit the kobold.
The kobold is moderately wounded.
The kobold hits you with a +2 dagger of draining.
You die...

.....## #...#
......### #...#
....#...# ##...#
....###.# #....#
...## #.# ##....## ##
.†..# #.# #......# ..
....# #.# #....#.# .#
....###.###..#.#.#..#
.....##.##...#.#@..#
......#.##.#.#.#K.##
###..........#.#..#
##.##.##..#..#..#
#........#.##...
####..........#..
#........####$
#....##.... ..
#.....#.###


You could see a kobold.

Vanquished Creatures
  4 ball pythons (D:1)
  A bat (D:1)
  2 hobgoblins (D:1)
  A quokka (D:1)
  A kobold (D:1)
9 creatures vanquished.

Notes
Turn   | Place    | Note
-------+----------+-------------------------------------------
     0 | D:1      | cheechan the Naga Fighter began the quest for the Orb.
     0 | D:1      | Reached XP level 1. HP: 21/21 MP: 1/1
   146 | D:1      | Reached XP level 2. HP: 10/28 MP: 2/2
   254 | D:1      | Slain by a kobold

Illustrated notes

Levels and vault maps discovered:
D:1:      tarquinn_simple_flora_water_a, layout_rooms, serial_shops,
          nicolae_shop_stone

Action                   || total
-------------------------++-------
Melee: Long sword        ||    37
 Abil: Spit Poison       ||     1
Armor: Scale mail        ||    30
Dodge: Dodged            ||    13
Block: Buckler           ||    15

Table legend: (Time is in decaauts)
 A = Elapsed time spent in this place.
 B = Non-inter-level travel time spent in this place.
 C = Inter-level travel time spent in this place.
 D = Time resting spent in this place.
 E = Time spent auto-exploring this place.
 F = Levels seen in this place.
 G = Mean time per level.
                   A        B        C        D        E       F      G
               +--------+--------+--------+--------+--------+-----+--------+
         Total |    349 |    349 |      0 |      0 |      0 |   1 |  349.0 |
       Dungeon |    349 |    349 |      0 |      0 |      0 |   1 |  349.0 |
               +--------+--------+--------+--------+--------+-----+--------+

Top non-repeatable levels by time:
     D:1: 349 daAuts
